 Dungeon Crawl Stone Soup version 0.27-a0-1334-g2746e35aca (webtiles) character file.

Game seed: 2001570692914263284

1050 Gwenloh the Chucker (level 8, -5/72 HPs)
             Began as a Troll Hunter on June 26, 2021.
             Slain by Pikel (19 damage)
             ... on level 3 of the Dungeon.
             The game lasted 00:21:46 (3495 turns).

Gwenloh the Chucker (Troll Hunter)                  Turns: 3495, Time: 00:21:46

Health: -5/72      AC:  8    Str: 21    XL:     8   Next: 5%
Magic:  7/7        EV: 14    Int:  7    God:
Gold:   229        SH:  0    Dex: 12    Spells: 7/7 levels left

rFire    . . .     SeeInvis .   w - +0 giant spiked club
rCold    . . .     Faith    .   (shield currently unavailable)
rNeg     . . .     Spirit   .   b - +0 robe
rPois    .         Reflect  .   (helmet restricted)
rElec    .         Harm     .   (no cloak)
rCorr    .         Rampage  .   (gloves unavailable)
Will     .....                  (boots unavailable)
Stlth    +.........             (no amulet)
HPRegen  1.22/turn              v - +4 ring of protection
MPRegen  0.10/turn              p - +4 ring of evasion

@: no status effects
A: large, unfitting armour, claws 3, regeneration 1, shaggy fur 1, tough skin 1
a: no special abilities


You were on level 3 of the Dungeon.
You visited 1 branch of the dungeon, and saw 4 of its levels.

You collected 229 gold pieces.

Inventory:

Hand Weapons
 a - a +2 whip of electrocution
 w - a +0 giant spiked club (weapon)
Missiles
 c - 5 large rocks (quivered)
 d - 2 throwing nets
 f - 7 stones
 u - 9 poisoned darts
Armour
 b - a +0 robe (worn)
Jewellery
 m - a ring of protection from fire
 p - a +4 ring of evasion (right claw)
 v - a +4 ring of protection (left claw)
Scrolls
 j - a scroll of teleportation
 k - a scroll of silence
 n - a scroll of noise
 o - a scroll of immolation
 r - a scroll of fog {unknown}
Potions
 e - 4 potions of curing
 g - a potion of magic {unknown}
 h - a potion of cancellation {unknown}
 i - 2 potions of degeneration {unknown}
 l - 4 potions of lignification
 q - a potion of brilliance {unknown}
 s - a potion of heal wounds {unknown}
 t - a potion of might {unknown}


   Skills:
 - Level 2.0 Fighting
 + Level 4.5 Maces & Flails
 * Level 7.9 Throwing
 - Level 1.5 Dodging
 - Level 0.3 Stealth


You had 7 spell levels left.
You didn't know any spells.
Your spell library contained the following spells:

 Spells                   Type           Power      Damage    Failure   Level
 Magic Dart               Conj           0%         1d3       43%         1
 Searing Ray              Conj           0%         3d3       56%         2
 Dazzling Flash           Conj/Hex       0%         N/A       80%         3
 Fulminant Prism          Conj/Hex       0%         3d6       99%         4
 Iskenderun's Mystic Bla  Conj/Tloc      0%         2d3       99%         4


Dungeon Overview and Level Annotations

Branches:
Dungeon (4/15)
 Temple: D:4-7

Altars:

Annotations:
D:3 Pikel
D:4 Sigmund


Innate Abilities, Weirdness & Mutations

You are too large for most types of armour.
You have claws for hands.
Your natural rate of healing is unusually fast.
You are covered in fur. (AC +1)
You have tough skin. (AC +1)


Message History

The lemure shouts!
The lemure barely misses you.
There is a stone staircase leading up here.
The lemure closely misses you.
Pikel hits you with a +1 whip of electrocution!
You climb upwards.
There is a stone staircase leading down, spattered with blood here.
The lemure hits you!
Pikel says, "You'll make a fine lemure."
You barely miss the lemure. The lemure misses you.
You closely miss the lemure. The lemure closely misses you.
You completely miss the lemure. The lemure barely misses you.
Your +2 whip of electrocution stops crackling.
w - a +0 giant spiked club (weapon)
You barely miss the lemure. The lemure barely misses you.
Pikel waves his whip at you.
You barely miss Pikel. Pikel hits you but does no damage.
You hit Pikel.
Pikel is lightly wounded.
Pikel misses you. Pikel hits you but does no damage.
You hit Pikel but do no damage.
Pikel is lightly wounded.
Pikel hits you with a +1 whip of electrocution.
You closely miss Pikel.
Pikel is lightly wounded.
Pikel closely misses you.
Pikel hits you with a +1 whip of electrocution.
You are electrocuted!!
You closely miss Pikel.
Pikel is lightly wounded.
Pikel hits you with a +1 whip of electrocution.
Pikel hits you with a +1 whip of electrocution!
You are electrocuted!!
* * * LOW HITPOINT WARNING * * *
You closely miss Pikel.
Pikel is lightly wounded.
Pikel hits you with a +1 whip of electrocution!
* * * LOW HITPOINT WARNING * * *
You are electrocuted!!
You die...

################ #............[.#
#.############.##### #.#
#......... #.#########.########
#.#5>.......# ######
#.#K#######.# #.....
##.#@#######.###.####
#..........#.......##
#..#.#####.#.###.#.##
#..#.#####.#.# #.#.##
#.......##.#.# #.#.##
#>##)##.##.#.# #.#.##
####.##.#...#.#.# #.#.##
##########.............#.###.#.##
#.......##....(..#...###.........


You could see Pikel and a lemure.

Vanquished Creatures
  An ogre (D:3)
  A phantom (D:3)
  2 lemures (D:3)
  5 killer bees
  2 howler monkeys (D:3)
  4 hounds
  A gnoll shaman (D:3)
  Ijyb (D:4)
  23 gnolls
  6 adders
  A shadow imp (D:3)
  2 worms (D:3)
  2 dart slugs (D:2)
  20 orcs (D:3)
  3 bats
  11 endoplasms
  2 giant cockroaches
  3 goblins
  7 hobgoblins
  19 jackals
  2 quokkas (D:3)
  4 ball pythons
  6 frilled lizards
  6 kobolds
  4 rats
138 creatures vanquished.

Vanquished Creatures (others)
  A fungus (D:3)
  2 plants (D:3)
3 creatures vanquished.

Grand Total: 141 creatures vanquished

Notes
Turn   | Place    | Note
-------+----------+-------------------------------------------
     0 | D:1      | Gwenloh the Troll Hunter began the quest for the Orb.
     0 | D:1      | Reached XP level 1. HP: 19/19 MP: 0/0
    75 | D:1      | Found a faded altar of an unknown god.
   136 | D:1      | Reached XP level 2. HP: 28/28 MP: 1/1
   296 | D:1      | Reached skill level 4 in Throwing
   779 | D:2      | Reached XP level 3. HP: 34/35 MP: 2/2
   936 | D:2      | Reached skill level 1 in Maces & Flails
  1239 | D:2      | Reached XP level 4. HP: 42/42 MP: 3/3
  1439 | D:3      | Noticed a phantom
  1449 | D:3      | Killed a phantom
  1450 | D:3      | Reached skill level 5 in Throwing
  1450 | D:3      | Reached XP level 5. HP: 37/49 MP: 4/4
  2225 | D:3      | Reached XP level 6. HP: 57/57 MP: 5/5
  2228 | D:3      | Reached skill level 6 in Throwing
  2570 | D:3      | Reached XP level 7. HP: 61/65 MP: 6/6
  2741 | D:3      | Reached skill level 7 in Throwing
  3162 | D:4      | Noticed Ijyb
  3247 | D:4      | Noticed Sigmund
  3250 | D:4      | Paralysed by Ijyb for 2 turns
  3271 | D:4      | Paralysed by Ijyb for 4 turns
  3432 | D:4      | Paralysed by Ijyb for 7 turns
  3438 | D:4      | Killed Ijyb
  3439 | D:4      | Reached XP level 8. HP: 72/72 MP: 7/7
  3465 | D:4      | Noticed Pikel
  3495 | D:3      | Slain by Pikel

Illustrated notes

Levels and vault maps discovered:
D:1:      dpeg_arrival_long_road, layout_basic,
          hellmonk_ecumenical_altar_arch_garden
D:2:      layout_basic, nrook_mini_vaults
D:3:      lemuel_castle_with_subvaults [lemuel_castle_interior_original],
          layout_loops_ring, grunt_ministairs_7, solitary_fountain,
          minmay_joined_circles
D:4:      layout_cave_pools, kennysheep_mini_moat,
          minmay_temple_entry_nine_rooms, moated_statue, uniq_ijyb,
          uniq_sigmund, uniq_pikel

Skill      XL: |  1  2  3  4  5  6  7 |
---------------+----------------------+-----
Throwing       | 4 5 6 7 |  7.9
Fighting       | 2 |  2.0
Maces & Flails | 1 2 3 4 |  4.5
Dodging        | |  1.5
Stealth        | |  0.3

Action                   |  1- 3 |  4- 6 |  7- 9 || total
-------------------------+-------+-------+-------++-------
Melee: Dagger            |    52 |       |       ||    52
       Short sword       |     4 |       |       ||     4
       Whip              |     3 |   174 |    75 ||   252
       Giant spiked club |       |       |    69 ||    69
Throw: Stone             |    84 |    46 |     1 ||   131
       Large rock        |     2 |       |     1 ||     3
       Dart              |       |    46 |    19 ||    65
       Throwing net      |       |       |     2 ||     2
  Use: Scroll            |       |       |     6 ||     6
       Potion            |       |       |     1 ||     1
 Stab: Sleeping          |       |     1 |       ||     1
Armor: Robe              |    22 |    41 |    50 ||   113
Dodge: Dodged            |    24 |    73 |   134 ||   231

Table legend: (Time is in decaauts)
 A = Elapsed time spent in this place.
 B = Non-inter-level travel time spent in this place.
 C = Inter-level travel time spent in this place.
 D = Time resting spent in this place.
 E = Time spent auto-exploring this place.
 F = Levels seen in this place.
 G = Mean time per level.
                   A        B        C        D        E       F      G
               +--------+--------+--------+--------+--------+-----+--------+
         Total |   3504 |   3378 |    126 |    160 |   1825 |   4 |  876.0 |
       Dungeon |   3504 |   3378 |    126 |    160 |   1825 |   4 |  876.0 |
               +--------+--------+--------+--------+--------+-----+--------+

Top non-repeatable levels by time:
     D:3: 2026 daAuts
     D:1: 690 daAuts
     D:2: 674 daAuts
     D:4: 112 daAuts
